 Dungeon Crawl Stone Soup version 0.30-a0-1161-g0704695555 (webtiles) character file.

Game seed: 10656205496928846698

131 kae the Changer (level 5, -7/37 HPs)
             Began as a Merfolk Transmuter on Apr 27, 2023.
             Killed by divine providence
             ... invoked by an orc priest
              (15 damage)
             ... on level 3 of the Dungeon.
             The game lasted 00:02:05 (1943 turns).

kae the Changer (Merfolk Transmuter)                Turns: 1943, Time: 00:02:05

Health: -7/37      AC:  2    Str: 11    XL:     5   Next: 14%
Magic:  10/10      EV: 12    Int: 14    God:
Gold:   104        SH:  5    Dex: 14    Spells: 4/10 levels left

rFire   . . .        d - +7 dagger of the Turnip {spect, Drain Fragile Will+++}
rCold   . . .        (no shield)
rNeg    . . .        a - +0 robe
rPois   .            (helmet currently unavailable)
rElec   .            (no cloak)
rCorr   .            (no gloves)
SInv    .            (boots currently unavailable)
Will    +++..        e - amulet of reflection
Stlth   +            (no ring)
HPRegen 0.26/turn    (no ring)
MPRegen 0.12/turn

%: reflection
@: appendages
A: horns 2, (nimble swimmer 2), mertail
a: End Transformation


You were on level 3 of the Dungeon.
You had temporarily grown beastly horns.
You visited 1 branch of the dungeon, and saw 4 of its levels.

You collected 104 gold pieces.


Innate Abilities, Weirdness & Mutations

You have temporarily grown beastly horns.
((You are very nimble when in or above water. (Stealth+, EV+, Speed+++)))
Your lower body shifts to a powerful aquatic tail in water.


   Skills:
 - Level 1.1 Fighting
 * Level 0.3 Short Blades
 - Level 2.6 Dodging
 - Level 3.2 Unarmed Combat
 + Level 3.3 Spellcasting
 + Level 4.7 Transmutations
 - Level 2.0 Poison Magic


You had 4 spell levels left.
You knew the following spells:

 Your Spells              Type           Power      Damage    Failure   Level
a - Beastly Appendage     Tmut           30%        N/A       3%          1
b - Wereblood             Tmut           15%        N/A       4%          2
c - Spider Form           Tmut/Pois      11%        N/A       16%         3

Your spell library contained the following spells:

 Spells                   Type           Power      Damage    Failure   Level
 Foxfire                  Conj/Fire      8%         2x1d4     21%         1
 Ice Form                 Ice/Tmut       9%         N/A       61%         4
 Fireball                 Conj/Fire      1%         3d3       99%         5
 Plasma Beam              Fire/Air       1%         2x1d12    100%        6
 Starburst                Conj/Fire      1%         6d3       100%        6

Inventory:

Hand Weapons
 d - the +7 dagger of the Turnip (weapon) {spect, Drain Fragile Will+++}
   (You found it on level 4 of the Dungeon)

   Drain:     It drains your maximum health when unequipped.
   Fragile:   It will be destroyed if unequipped.
   Will:      It greatly increases your willpower.
Missiles
 c - 30 stones
 l - 3 javelins
 p - a throwing net {=f!f}
Armour
 a - a +0 robe (worn)
Jewellery
 e - an amulet of reflection (around neck)
   (You found it on level 1 of the Dungeon)
 F - a ring of protection from fire
   (You found it on level 4 of the Dungeon)
Scrolls
 j - a scroll of brand weapon {unknown}
 k - 2 scrolls of teleportation {unknown}
 n - 3 scrolls of fog {unknown}
 q - a scroll of fear {unknown}
Potions
 b - a potion of lignification {!q}
 f - a potion of mutation {unknown}
 g - 3 potions of berserk rage {unknown}
 h - a potion of magic {unknown}
 i - a potion of haste {unknown}
 m - a potion of degeneration {unknown}
 o - a potion of curing {unknown}

Dungeon Overview and Level Annotations

Branches:
Dungeon (4/15) Zot: 22066
 Temple: D:4-7

Altars:
Fedhas

Shops:
D:2

: #.............>.##
######.#.#........#.....#
.......#.################
#.................
#.................
#.................
#.................
#.................
#.........@o......
#..........(......
#.................
#.................
#.................
###########.......
....... .......


You could see an orc priest and a friendly +7 dagger of the Turnip {spect, Drain
Fragile Will+++}.


Message History

There is an open door here.
There is an open door here.
There is an open door here.
Key pressed, stopping explore.
You open the door.
There is an open door here.
q - a scroll labelled YNU HENANE 😎 HP[+3] MP[+2]
Your hp is fully restored (37).
Your mp is fully restored (10).
Done exploring.
Done exploring.
Okay, then.
Unknown command.
Okay, then.
Okay, then.
Done exploring.
Unknown command.
Done exploring.
Done exploring.
No target in view!
No target in view!
Done exploring.
(D) Dungeon
Where to? (Enter - D:3 @ (x,y), ? - help)
There is an open door here.
There is a stone staircase leading down here.
You climb downwards.
There is a stone staircase leading up here.
You now have 104 gold pieces (gained 8).
An orc comes into view. It is wielding a +0 dagger.
An orc is nearby!
An orc comes into view. It is wielding a +0 flail.
The orc shouts! x2; You hear a shout!
An orc comes into view. It is wielding a +0 mace.
An orc and an orc priest come into view.
The orc shouts!
The orc priest begins to cast a cantrip, but forgets the words!
There are monsters nearby!
Casting: Beastly Appendage (safe; 3% risk of failure)
Confirm with . or Enter, or press ? or * to list all spells.
You grow a pair of large bovine horns.
The orc priest mumbles some strange prayers to Beogh against you.
Beogh smites you!
The orc sings a few bars from the Orcish anthem. 😮 HP[-10] MP[-1]
You take 10 damage, and now have 27/37 hp.
MASSIVE DAMAGE!! (PAUSE)
You lost 1 mp, and now have 9/10 mp.
You puncture the orc!
You kill the orc!
You closely miss the orc.
Your +7 dagger of the Turnip {spect, Drain Fragile Will+++} hits the orc but does no damage.
You block the orc's attack. 😕 HP[+1]
You hit the orc but do no damage.
Your +7 dagger of the Turnip {spect, Drain Fragile Will+++} hits the orc.
The orc misses you. The orc hits you with a +0 mace.
The orc hits your +7 dagger of the Turnip {spect, Drain Fragile Will+++} with a +0 hand axe.
Your spectral weapon shares its damage with you!
You are too injured to fight recklessly! 😮 HP[-6]
You take 6 damage, and now have 22/37 hp.
You barely miss the orc.
Your +7 dagger of the Turnip {spect, Drain Fragile Will+++} hits the orc.
You kill the orc!
The orc barely misses you.
Unknown command.
You hit the orc. Your headbutt misses the orc.
Your +7 dagger of the Turnip {spect, Drain Fragile Will+++} hits the orc.
You kill the orc!
You block the orc's attack. 😮 HP[+1] Unknown command.
You puncture the orc!
You kill the orc!
Your +7 dagger of the Turnip {spect, Drain Fragile Will+++} disappears.
The orc priest barely misses you. 😮 MP[+1]
Your mp is fully restored (10).
You hit the orc priest.
Your +7 dagger of the Turnip {spect, Drain Fragile Will+++} closely misses the orc priest.
The orc priest barely misses you.
You hit the orc priest. Your headbutt misses the orc priest.
Your +7 dagger of the Turnip {spect, Drain Fragile Will+++} barely misses the orc priest.
The orc priest hits you with a +0 flail!
* * * LOW HITPOINT WARNING * * *
😨 HP[-10]
You take 10 damage, and now have 13/37 hp.
MASSIVE DAMAGE!! (PAUSE)
You hit the orc priest.
Your +7 dagger of the Turnip {spect, Drain Fragile Will+++} closely misses the orc priest.
The orc priest hits you with a +0 flail.
* * * LOW HITPOINT WARNING * * *
😱 HP[-5]
You take 5 damage, and now have 8/37 hp.
You closely miss the orc priest. You headbutt the orc priest!
Your +7 dagger of the Turnip {spect, Drain Fragile Will+++} hits the orc priest.
The orc priest invokes the aid of Beogh against you.
Beogh smites you!
You die...

Skill      XL: |  1  2  3  4 |
---------------+-------------+-----
Transmutations | 3 4 |  4.7
Poison Magic   | 1 2 |  2.0
Spellcasting   | 3 |  3.3
Fighting       | |  1.1
Short Blades   | |  0.3
Dodging        | |  2.6
Unarmed Combat | |  3.2

Action                     |  1- 3 |  4- 6 || total
---------------------------+-------+-------++-------
  Melee: Unarmed           |    80 |       ||    80
         Headbutt          |    15 |     1 ||    16
         Punch             |     2 |       ||     2
         Dagger            |     3 |    49 ||    52
   Cast: Beastly Appendage |    20 |     3 ||    23
    Use: Scroll            |     1 |       ||     1
   Stab: Sleeping          |     2 |     1 ||     3
         Distracted        |       |     2 ||     2
 Armour: Robe              |    20 |     8 ||    28
  Dodge: Dodged            |    73 |    15 ||    88
  Block: Other             |    10 |     5 ||    15

Levels and vault maps discovered:
D:1:      eino_arrival_water_cross, layout_rooms, minmay_pentomino_w2
D:2:      layout_basic, serial_shops, shop, grunt_decor_junction,
          grunt_decor_cap, interstate_on_off, minmay_misc_feat_enclosed
D:3:      layout_basic, cheibrodos_ashenzari_chains,
          shapermc_ecumenical_altar_hornbeckon, uniq_terence
D:4:      layout_gridville, fedhas_altar_3

Notes
Turn   | Place    | Note
-------+----------+-------------------------------------------
     0 | D:1      | kae the Merfolk Transmuter began the quest for the Orb.
     0 | D:1      | Reached XP level 1. HP: 15/15 MP: 3/3
     0 | D:1      | magus.rc [v1.11.3]
    15 | D:1      | Reached skill level 3 in Transmutations
   101 | D:1      | HP: 3/15 [quokka (2)]
   104 | D:1      | Reached XP level 2. HP: 3/21 MP: 5/5
   414 | D:1      | Reached XP level 3. HP: 23/26 MP: 4/6
   421 | D:1      | Learned a level 2 spell: Wereblood
   425 | D:1      | Learned a level 3 spell: Spider Form
   836 | D:2      | You fall into a shaft and drop 2 floors!
   845 | D:4      | Identified the +7 dagger of the Turnip {spect, Drain
                  | Fragile Will+++}
   877 | D:4      | Found a blossoming altar of Fedhas.
   889 | D:4      | Reached skill level 4 in Transmutations
   889 | D:4      | Reached skill level 1 in Poison Magic
   889 | D:4      | Reached XP level 4. HP: 28/32 MP: 6/8
  1077 | D:2      | Reached skill level 3 in Spellcasting
  1118 | D:2      | Reached skill level 2 in Poison Magic
  1119 | D:2      | Found Seaf's Book Boutique.
  1411 | D:2      | You pick up a book of Fire and begin reading...
  1411 | D:2      | You add the spells Foxfire, Fireball, Plasma Beam and
                  | Starburst to your library.
  1696 | D:2      | Reached XP level 5. HP: 34/37 MP: 8/10
  1942 | D:3      | HP: 8/37 [orc priest/+0 flail (6)]
  1943 | D:3      | Killed from afar by an orc priest

Vanquished Creatures
  A hound (D:4)
  4 adders (D:2)
  2 dart slugs
  4 orcs (D:3)
  6 bats
  6 endoplasms
  2 giant cockroaches (D:1)
  3 hobgoblins
  2 jackals (D:2)
  3 kobolds
  3 quokkas (D:1)
  3 ball pythons
  4 frilled lizards (D:1)
  7 goblins
  5 rats
55 creatures vanquished.

Table legend:
 A = Non-vault XP
 B = Vault XP
 C = Vault XP percentage of total XP
 D = Non-vault monster count
 E = Vault monster count
 F = Vault count percentage of total count
                 A         B        C        D         E       F
            +---------+---------+-------+---------+---------+-------
      Total |     187 |       1 |   0.5 |      54 |       1 |   1.8
            +---------+---------+-------+---------+---------+-------
        D:1 |      45 |       1 |   2.2 |      27 |       1 |   3.6
        D:2 |      86 |       0 |   0.0 |      21 |       0 |   0.0
        D:3 |      12 |       0 |   0.0 |       4 |       0 |   0.0
        D:4 |      44 |       0 |   0.0 |       2 |       0 |   0.0
            +---------+---------+-------+---------+---------+-------

Skill      XL: |  1  2  3  4 |
---------------+-------------+-----
Transmutations | 3 4 |  4.7
Poison Magic   | 1 2 |  2.0
Spellcasting   | 3 |  3.3
Fighting       | |  1.1
Short Blades   | |  0.3
Dodging        | |  2.6
Unarmed Combat | |  3.2

Action                     |  1- 3 |  4- 6 || total
---------------------------+-------+-------++-------
  Melee: Unarmed           |    80 |       ||    80
         Headbutt          |    15 |     1 ||    16
         Punch             |     2 |       ||     2
         Dagger            |     3 |    49 ||    52
   Cast: Beastly Appendage |    20 |     3 ||    23
    Use: Scroll            |     1 |       ||     1
   Stab: Sleeping          |     2 |     1 ||     3
         Distracted        |       |     2 ||     2
 Armour: Robe              |    20 |     8 ||    28
  Dodge: Dodged            |    73 |    15 ||    88
  Block: Other             |    10 |     5 ||    15

Illustrated notes

Table legend:
 A = Kills in this place as a percentage of kills in the entire game.
 B = Kills by you in this place as a percentage of kills by you in the entire game.
 C = Kills by friends in this place as a percentage of kills by friends in the entire game.
 D = Other kills in this place as a percentage of other kills in the entire game.
 E = Experience gained in this place as a percentage of experience gained in the entire game.
 F = Experience gained in this place divided by the number of levels of this place that you have seen.
                   A       B       C       D       E      F
               +-------+-------+-------+-------+-------+----------------------
         Total | 100.0 | 100.0 |   N/A |   N/A | 100.0 |  47.0
       Dungeon | 100.0 | 100.0 |   N/A |   N/A | 100.0 |  47.0
               +-------+-------+-------+-------+-------+----------------------

Table legend: (Time is in decaauts)
 A = Elapsed time spent in this place.
 B = Non-inter-level travel time spent in this place.
 C = Inter-level travel time spent in this place.
 D = Time resting spent in this place.
 E = Time spent auto-exploring this place.
 F = Levels seen in this place.
 G = Mean time per level.
                   A        B        C        D        E       F      G
               +--------+--------+--------+--------+--------+-----+--------+
         Total |   1932 |   1874 |     58 |      8 |   1511 |   4 |  483.0 |
       Dungeon |   1932 |   1874 |     58 |      8 |   1511 |   4 |  483.0 |
               +--------+--------+--------+--------+--------+-----+--------+

Top non-repeatable levels by time:
     D:2: 994 daAuts
     D:1: 689 daAuts
     D:4: 165 daAuts
     D:3: 83 daAuts
